%YAML 1.1
%TAG !u! tag:unity3d.com,2011:
--- !u!1 &7940647586209603371
GameObject:
  m_ObjectHideFlags: 0
  m_CorrespondingSourceObject: {fileID: 0}
  m_PrefabInstance: {fileID: 0}
  m_PrefabAsset: {fileID: 0}
  serializedVersion: 6
  m_Component:
  - component: {fileID: 3122508495366928721}
  m_Layer: 0
  m_Name: MapLevelsGlass
  m_TagString: Untagged
  m_Icon: {fileID: 0}
  m_NavMeshLayer: 0
  m_StaticEditorFlags: 0
  m_IsActive: 1
--- !u!4 &3122508495366928721
Transform:
  m_ObjectHideFlags: 0
  m_CorrespondingSourceObject: {fileID: 0}
  m_PrefabInstance: {fileID: 0}
  m_PrefabAsset: {fileID: 0}
  m_GameObject: {fileID: 7940647586209603371}
  m_LocalRotation: {x: -0, y: 0.18817589, z: -0, w: 0.98213536}
  m_LocalPosition: {x: 1.97, y: 0.69, z: 1.74}
  m_LocalScale: {x: 0.43360955, y: 0.43360955, z: 0.43360955}
  m_Children:
  - {fileID: 6921049367524982302}
  - {fileID: 2846563976655790218}
  - {fileID: 9147574279554734875}
  - {fileID: 8988610591272866581}
  - {fileID: 6054882452361857748}
  - {fileID: 6081951247039209400}
  - {fileID: 7937341502000174328}
  m_Father: {fileID: 8199433812843412519}
  m_RootOrder: 5
  m_LocalEulerAnglesHint: {x: 0, y: 21.693, z: 0}
--- !u!1 &8199433812114091462
GameObject:
  m_ObjectHideFlags: 0
  m_CorrespondingSourceObject: {fileID: 0}
  m_PrefabInstance: {fileID: 0}
  m_PrefabAsset: {fileID: 0}
  serializedVersion: 6
  m_Component:
  - component: {fileID: 8199433812114091461}
  - component: {fileID: 8199433812114091460}
  m_Layer: 14
  m_Name: InputLayer
  m_TagString: Untagged
  m_Icon: {fileID: 0}
  m_NavMeshLayer: 0
  m_StaticEditorFlags: 0
  m_IsActive: 1
--- !u!4 &8199433812114091461
Transform:
  m_ObjectHideFlags: 0
  m_CorrespondingSourceObject: {fileID: 0}
  m_PrefabInstance: {fileID: 0}
  m_PrefabAsset: {fileID: 0}
  m_GameObject: {fileID: 8199433812114091462}
  m_LocalRotation: {x: -0.000000029802322, y: -0.25037998, z: 0.000000002910383, w: 0.9681477}
  m_LocalPosition: {x: 0.11800012, y: -0.25300008, z: 0.5399998}
  m_LocalScale: {x: 1, y: 1, z: 1}
  m_Children: []
  m_Father: {fileID: 8199433812691640817}
  m_RootOrder: 0
  m_LocalEulerAnglesHint: {x: 0, y: -29, z: 0}
--- !u!65 &8199433812114091460
BoxCollider:
  m_ObjectHideFlags: 0
  m_CorrespondingSourceObject: {fileID: 0}
  m_PrefabInstance: {fileID: 0}
  m_PrefabAsset: {fileID: 0}
  m_GameObject: {fileID: 8199433812114091462}
  m_Material: {fileID: 0}
  m_IsTrigger: 0
  m_Enabled: 1
  serializedVersion: 2
  m_Size: {x: 0.71, y: 1.09, z: -0.05}
  m_Center: {x: 0, y: 0, z: 0}
--- !u!1 &8199433812571618447
GameObject:
  m_ObjectHideFlags: 0
  m_CorrespondingSourceObject: {fileID: 0}
  m_PrefabInstance: {fileID: 0}
  m_PrefabAsset: {fileID: 0}
  serializedVersion: 6
  m_Component:
  - component: {fileID: 8199433812571618446}
  - component: {fileID: 8199433812571618445}
  m_Layer: 0
  m_Name: Directional Light (3)
  m_TagString: Untagged
  m_Icon: {fileID: 0}
  m_NavMeshLayer: 0
  m_StaticEditorFlags: 0
  m_IsActive: 1
--- !u!4 &8199433812571618446
Transform:
  m_ObjectHideFlags: 0
  m_CorrespondingSourceObject: {fileID: 0}
  m_PrefabInstance: {fileID: 0}
  m_PrefabAsset: {fileID: 0}
  m_GameObject: {fileID: 8199433812571618447}
  m_LocalRotation: {x: 0.27568328, y: 0.17880957, z: 0.01167914, w: 0.944399}
  m_LocalPosition: {x: -0.19623494, y: 3.3289053, z: 7.9961596}
  m_LocalScale: {x: 1, y: 1, z: 1}
  m_Children: []
  m_Father: {fileID: 8199433812843412519}
  m_RootOrder: 0
  m_LocalEulerAnglesHint: {x: 31.1, y: 23.7, z: 8.1}
--- !u!108 &8199433812571618445
Light:
  m_ObjectHideFlags: 0
  m_CorrespondingSourceObject: {fileID: 0}
  m_PrefabInstance: {fileID: 0}
  m_PrefabAsset: {fileID: 0}
  m_GameObject: {fileID: 8199433812571618447}
  m_Enabled: 1
  serializedVersion: 9
  m_Type: 1
  m_Color: {r: 1, g: 1, b: 1, a: 1}
  m_Intensity: 1
  m_Range: 10
  m_SpotAngle: 30
  m_InnerSpotAngle: 21.80208
  m_CookieSize: 10
  m_Shadows:
    m_Type: 2
    m_Resolution: -1
    m_CustomResolution: -1
    m_Strength: 1
    m_Bias: 0.05
    m_NormalBias: 0.4
    m_NearPlane: 0.2
    m_CullingMatrixOverride:
      e00: 1
      e01: 0
      e02: 0
      e03: 0
      e10: 0
      e11: 1
      e12: 0
      e13: 0
      e20: 0
      e21: 0
      e22: 1
      e23: 0
      e30: 0
      e31: 0
      e32: 0
      e33: 1
    m_UseCullingMatrixOverride: 0
  m_Cookie: {fileID: 0}
  m_DrawHalo: 0
  m_Flare: {fileID: 0}
  m_RenderMode: 0
  m_CullingMask:
    serializedVersion: 2
    m_Bits: 4294967295
  m_RenderingLayerMask: 1
  m_Lightmapping: 1
  m_LightShadowCasterMode: 0
  m_AreaSize: {x: 1, y: 1}
  m_BounceIntensity: 1
  m_ColorTemperature: 6570
  m_UseColorTemperature: 0
  m_BoundingSphereOverride: {x: 0, y: 0, z: 0, w: 0}
  m_UseBoundingSphereOverride: 0
  m_ShadowRadius: 0
  m_ShadowAngle: 0
--- !u!1 &8199433812691640818
GameObject:
  m_ObjectHideFlags: 0
  m_CorrespondingSourceObject: {fileID: 0}
  m_PrefabInstance: {fileID: 0}
  m_PrefabAsset: {fileID: 0}
  serializedVersion: 6
  m_Component:
  - component: {fileID: 8199433812691640817}
  - component: {fileID: 8199433812691640831}
  - component: {fileID: 8199433812691640816}
  m_Layer: 0
  m_Name: GlassCamera
  m_TagString: MainCamera
  m_Icon: {fileID: 0}
  m_NavMeshLayer: 0
  m_StaticEditorFlags: 0
  m_IsActive: 1
--- !u!4 &8199433812691640817
Transform:
  m_ObjectHideFlags: 0
  m_CorrespondingSourceObject: {fileID: 0}
  m_PrefabInstance: {fileID: 0}
  m_PrefabAsset: {fileID: 0}
  m_GameObject: {fileID: 8199433812691640818}
  m_LocalRotation: {x: 0.19951762, y: 0.25272784, z: -0.0533449, w: 0.9452385}
  m_LocalPosition: {x: -0.32613, y: 0.44652, z: -0.5386796}
  m_LocalScale: {x: 1, y: 1, z: 1}
  m_Children:
  - {fileID: 8199433812114091461}
  - {fileID: 8199433813032827863}
  m_Father: {fileID: 8199433812843412519}
  m_RootOrder: 1
  m_LocalEulerAnglesHint: {x: 23.838001, y: 29.938002, z: 0}
--- !u!20 &8199433812691640831
Camera:
  m_ObjectHideFlags: 0
  m_CorrespondingSourceObject: {fileID: 0}
  m_PrefabInstance: {fileID: 0}
  m_PrefabAsset: {fileID: 0}
  m_GameObject: {fileID: 8199433812691640818}
  m_Enabled: 1
  serializedVersion: 2
  m_ClearFlags: 1
  m_BackGroundColor: {r: 0.26666668, g: 0.654902, b: 0.8117648, a: 1}
  m_projectionMatrixMode: 1
  m_GateFitMode: 2
  m_FOVAxisMode: 0
  m_SensorSize: {x: 36, y: 24}
  m_LensShift: {x: 0, y: 0}
  m_FocalLength: 50
  m_NormalizedViewPortRect:
    serializedVersion: 2
    x: 0
    y: 0
    width: 1
    height: 1
  near clip plane: 0.1
  far clip plane: 1000
  field of view: 68.9
  orthographic: 0
  orthographic size: 5
  m_Depth: -1
  m_CullingMask:
    serializedVersion: 2
    m_Bits: 4294967295
  m_RenderingPath: -1
  m_TargetTexture: {fileID: 0}
  m_TargetDisplay: 0
  m_TargetEye: 3
  m_HDR: 1
  m_AllowMSAA: 1
  m_AllowDynamicResolution: 0
  m_ForceIntoRT: 0
  m_OcclusionCulling: 1
  m_StereoConvergence: 10
  m_StereoSeparation: 0.022
--- !u!81 &8199433812691640816
AudioListener:
  m_ObjectHideFlags: 0
  m_CorrespondingSourceObject: {fileID: 0}
  m_PrefabInstance: {fileID: 0}
  m_PrefabAsset: {fileID: 0}
  m_GameObject: {fileID: 8199433812691640818}
  m_Enabled: 1
--- !u!1 &8199433812843412536
GameObject:
  m_ObjectHideFlags: 0
  m_CorrespondingSourceObject: {fileID: 0}
  m_PrefabInstance: {fileID: 0}
  m_PrefabAsset: {fileID: 0}
  serializedVersion: 6
  m_Component:
  - component: {fileID: 8199433812843412519}
  - component: {fileID: 175322676}
  - component: {fileID: 1794316212640586817}
  m_Layer: 0
  m_Name: GlassMech
  m_TagString: Untagged
  m_Icon: {fileID: 0}
  m_NavMeshLayer: 0
  m_StaticEditorFlags: 0
  m_IsActive: 0
--- !u!4 &8199433812843412519
Transform:
  m_ObjectHideFlags: 0
  m_CorrespondingSourceObject: {fileID: 0}
  m_PrefabInstance: {fileID: 0}
  m_PrefabAsset: {fileID: 0}
  m_GameObject: {fileID: 8199433812843412536}
  m_LocalRotation: {x: 0, y: 0, z: 0, w: 1}
  m_LocalPosition: {x: 7.62, y: -0.32890543, z: -7.9961596}
  m_LocalScale: {x: 1, y: 1, z: 1}
  m_Children:
  - {fileID: 8199433812571618446}
  - {fileID: 8199433812691640817}
  - {fileID: 643501795}
  - {fileID: 7926937277669669086}
  - {fileID: 2342608024625775528}
  - {fileID: 3122508495366928721}
  m_Father: {fileID: 0}
  m_RootOrder: 0
  m_LocalEulerAnglesHint: {x: 0, y: 0, z: 0}
--- !u!114 &175322676
MonoBehaviour:
  m_ObjectHideFlags: 0
  m_CorrespondingSourceObject: {fileID: 0}
  m_PrefabInstance: {fileID: 0}
  m_PrefabAsset: {fileID: 0}
  m_GameObject: {fileID: 8199433812843412536}
  m_Enabled: 1
  m_EditorHideFlags: 0
  m_Script: {fileID: 11500000, guid: 9a5120c940103e34880ed6d6843b5360, type: 3}
  m_Name: 
  m_EditorClassIdentifier: 
  CarsLevels:
  - {fileID: 7467906601744009836, guid: 5f3c771ec60738a4d803752be4ebd594, type: 3}
  - {fileID: 920228341740622684, guid: b93edc5f439083d499dfee4e6c165d2a, type: 3}
  - {fileID: 5655487658337774104, guid: fac0ba1b98cfc9e44a1ea4cc65b0361a, type: 3}
  - {fileID: 6477682146729564742, guid: 698c1fa2a4502c446af57a2f6c0fe7a2, type: 3}
  - {fileID: 4201175797978078534, guid: 0aa6170385eac094cbc9f18004f4d2f0, type: 3}
  - {fileID: 2382259137765559049, guid: 6d9c085c69805ce4d8416e119f4d3fe9, type: 3}
  - {fileID: 8829348800951597135, guid: d9dfd21f7b10e7044813011967da83c9, type: 3}
  - {fileID: 696487723674731189, guid: 46d74b0ff10bed4419b4104392027774, type: 3}
  - {fileID: 7822284896757134687, guid: 13cc7721a1e568b45a00779e77ad497e, type: 3}
  - {fileID: 7866692566392782137, guid: dc2203c2cff9a114c86b99ba9204e425, type: 3}
  - {fileID: 5103166276224424824, guid: fbd656af66abcf94b921a7ebd68d1670, type: 3}
  - {fileID: 3009955793789758652, guid: 6af75f1f8d2d00d4283e9af309343efc, type: 3}
  - {fileID: 2421982917880090895, guid: d03c34cc720d682488246632f878da46, type: 3}
  - {fileID: 2906664972992025174, guid: abc4a454061fe9d4fa350c66c054d933, type: 3}
  - {fileID: 826792533593162582, guid: 3bd003834bf0e794e8ebfad84eda47ed, type: 3}
  - {fileID: 7355681217044307609, guid: cc5739ea0b5a0b747b1b4353b0e0e64c, type: 3}
  - {fileID: 2188905695890224709, guid: 51023ff082658ab448b0223db1421a0b, type: 3}
  - {fileID: 9145320046416059265, guid: 6762d74a7c0caf14291282e02b0e70a8, type: 3}
  - {fileID: 7759037486812457501, guid: 5637a4fee08d06f49bad50cfe5f06b64, type: 3}
  - {fileID: 3668160414233022204, guid: 008099078bf03cd46877c30500d79431, type: 3}
  - {fileID: 4443892558803372488, guid: ea825ce612cf27f45ac1d32531faab90, type: 3}
  - {fileID: 7782658913347472884, guid: 0d4907eead9a5e44495340a9855be96e, type: 3}
  - {fileID: 6387982247142267772, guid: 571476656e077f24faf069fa07a3b10f, type: 3}
  - {fileID: 6192467639550493455, guid: 01d86cfdd6aa5214d97646146a788f58, type: 3}
  - {fileID: 4470834427590734090, guid: 4d567773efd5ce744a619384feaa29db, type: 3}
  - {fileID: 25686928780488367, guid: 103878bacd3253e41b1f0c7c5cc3bc4b, type: 3}
  - {fileID: 3483440634333439994, guid: 8e23ffa767a5bf949bb3ab053f8d8a26, type: 3}
  - {fileID: 7611507663882927915, guid: 319232fdef500894f8238dc801137742, type: 3}
  GrabObject: {fileID: 8199433813478545735}
  CurrentCanvas: {fileID: 643501798}
  DoneButton: {fileID: 4601817577484633168}
  Bar: {fileID: 4601817577721266097}
  EffectWin: {fileID: 7926937277669668896}
--- !u!114 &1794316212640586817
MonoBehaviour:
  m_ObjectHideFlags: 0
  m_CorrespondingSourceObject: {fileID: 0}
  m_PrefabInstance: {fileID: 0}
  m_PrefabAsset: {fileID: 0}
  m_GameObject: {fileID: 8199433812843412536}
  m_Enabled: 1
  m_EditorHideFlags: 0
  m_Script: {fileID: 11500000, guid: 8ded6e11caaeee34bbb8e84b625587c2, type: 3}
  m_Name: 
  m_EditorClassIdentifier: 
  AllMap:
  - {fileID: 6921049367524982303}
  - {fileID: 2846563976655790219}
  - {fileID: 9147574279554734872}
  - {fileID: 8988610591272866582}
  - {fileID: 6054882452361857755}
  - {fileID: 6081951247039209403}
  - {fileID: 7937341502000174329}
--- !u!114 &8199433813478545735
MonoBehaviour:
  m_ObjectHideFlags: 0
  m_CorrespondingSourceObject: {fileID: 0}
  m_PrefabInstance: {fileID: 0}
  m_PrefabAsset: {fileID: 0}
  m_GameObject: {fileID: 8199433813032593399}
  m_Enabled: 1
  m_EditorHideFlags: 0
  m_Script: {fileID: 11500000, guid: f5360f972b55f18448dd96ed1902daa2, type: 3}
  m_Name: 
  m_EditorClassIdentifier: 
  mask:
    serializedVersion: 2
    m_Bits: 8192
  RotateObject: {fileID: 8199433813032593395}
  EffectWater:
  - {fileID: 8289093544311040063}
  - {fileID: 8289683752742482461}
  - {fileID: 8288949438703437001}
  Speed: 500
--- !u!1001 &455979301697456064
PrefabInstance:
  m_ObjectHideFlags: 0
  serializedVersion: 2
  m_Modification:
    m_TransformParent: {fileID: 3122508495366928721}
    m_Modifications:
    - target: {fileID: 7376746077554162142, guid: dcba7aeee68a34eafa619761faebe731,
        type: 3}
      propertyPath: m_LocalPosition.x
      value: -2.72
      objectReference: {fileID: 0}
    - target: {fileID: 7376746077554162142, guid: dcba7aeee68a34eafa619761faebe731,
        type: 3}
      propertyPath: m_LocalPosition.y
      value: 5.003394
      objectReference: {fileID: 0}
    - target: {fileID: 7376746077554162142, guid: dcba7aeee68a34eafa619761faebe731,
        type: 3}
      propertyPath: m_LocalPosition.z
      value: 2.54
      objectReference: {fileID: 0}
    - target: {fileID: 7376746077554162142, guid: dcba7aeee68a34eafa619761faebe731,
        type: 3}
      propertyPath: m_LocalRotation.x
      value: -0
      objectReference: {fileID: 0}
    - target: {fileID: 7376746077554162142, guid: dcba7aeee68a34eafa619761faebe731,
        type: 3}
      propertyPath: m_LocalRotation.y
      value: 0.01484875
      objectReference: {fileID: 0}
    - target: {fileID: 7376746077554162142, guid: dcba7aeee68a34eafa619761faebe731,
        type: 3}
      propertyPath: m_LocalRotation.z
      value: -0
      objectReference: {fileID: 0}
    - target: {fileID: 7376746077554162142, guid: dcba7aeee68a34eafa619761faebe731,
        type: 3}
      propertyPath: m_LocalRotation.w
      value: 0.99988973
      objectReference: {fileID: 0}
    - target: {fileID: 7376746077554162142, guid: dcba7aeee68a34eafa619761faebe731,
        type: 3}
      propertyPath: m_RootOrder
      value: 0
      objectReference: {fileID: 0}
    - target: {fileID: 7376746077554162142, guid: dcba7aeee68a34eafa619761faebe731,
        type: 3}
      propertyPath: m_LocalEulerAnglesHint.x
      value: 0
      objectReference: {fileID: 0}
    - target: {fileID: 7376746077554162142, guid: dcba7aeee68a34eafa619761faebe731,
        type: 3}
      propertyPath: m_LocalEulerAnglesHint.y
      value: 1.702
      objectReference: {fileID: 0}
    - target: {fileID: 7376746077554162142, guid: dcba7aeee68a34eafa619761faebe731,
        type: 3}
      propertyPath: m_LocalEulerAnglesHint.z
      value: 0
      objectReference: {fileID: 0}
    - target: {fileID: 7376746077554162143, guid: dcba7aeee68a34eafa619761faebe731,
        type: 3}
      propertyPath: m_Name
      value: 1 lvl
      objectReference: {fileID: 0}
    - target: {fileID: 7376746077554162143, guid: dcba7aeee68a34eafa619761faebe731,
        type: 3}
      propertyPath: m_IsActive
      value: 0
      objectReference: {fileID: 0}
    m_RemovedComponents: []
  m_SourcePrefab: {fileID: 100100000, guid: dcba7aeee68a34eafa619761faebe731, type: 3}
--- !u!4 &6921049367524982302 stripped
Transform:
  m_CorrespondingSourceObject: {fileID: 7376746077554162142, guid: dcba7aeee68a34eafa619761faebe731,
    type: 3}
  m_PrefabInstance: {fileID: 455979301697456064}
  m_PrefabAsset: {fileID: 0}
--- !u!1 &6921049367524982303 stripped
GameObject:
  m_CorrespondingSourceObject: {fileID: 7376746077554162143, guid: dcba7aeee68a34eafa619761faebe731,
    type: 3}
  m_PrefabInstance: {fileID: 455979301697456064}
  m_PrefabAsset: {fileID: 0}
--- !u!1001 &1221842784626893851
PrefabInstance:
  m_ObjectHideFlags: 0
  serializedVersion: 2
  m_Modification:
    m_TransformParent: {fileID: 3122508495366928721}
    m_Modifications:
    - target: {fileID: 3996343593449194640, guid: ef926d88509ba483c9aa3ceb595a602c,
        type: 3}
      propertyPath: m_Name
      value: 2 lvl
      objectReference: {fileID: 0}
    - target: {fileID: 3996343593449194640, guid: ef926d88509ba483c9aa3ceb595a602c,
        type: 3}
      propertyPath: m_IsActive
      value: 1
      objectReference: {fileID: 0}
    - target: {fileID: 3996343593449194641, guid: ef926d88509ba483c9aa3ceb595a602c,
        type: 3}
      propertyPath: m_LocalPosition.x
      value: -2.6737006
      objectReference: {fileID: 0}
    - target: {fileID: 3996343593449194641, guid: ef926d88509ba483c9aa3ceb595a602c,
        type: 3}
      propertyPath: m_LocalPosition.y
      value: 5.003394
      objectReference: {fileID: 0}
    - target: {fileID: 3996343593449194641, guid: ef926d88509ba483c9aa3ceb595a602c,
        type: 3}
      propertyPath: m_LocalPosition.z
      value: 4.264806
      objectReference: {fileID: 0}
    - target: {fileID: 3996343593449194641, guid: ef926d88509ba483c9aa3ceb595a602c,
        type: 3}
      propertyPath: m_LocalRotation.x
      value: 0
      objectReference: {fileID: 0}
    - target: {fileID: 3996343593449194641, guid: ef926d88509ba483c9aa3ceb595a602c,
        type: 3}
      propertyPath: m_LocalRotation.y
      value: 0
      objectReference: {fileID: 0}
    - target: {fileID: 3996343593449194641, guid: ef926d88509ba483c9aa3ceb595a602c,
        type: 3}
      propertyPath: m_LocalRotation.z
      value: 0
      objectReference: {fileID: 0}
    - target: {fileID: 3996343593449194641, guid: ef926d88509ba483c9aa3ceb595a602c,
        type: 3}
      propertyPath: m_LocalRotation.w
      value: 1
      objectReference: {fileID: 0}
    - target: {fileID: 3996343593449194641, guid: ef926d88509ba483c9aa3ceb595a602c,
        type: 3}
      propertyPath: m_RootOrder
      value: 1
      objectReference: {fileID: 0}
    - target: {fileID: 3996343593449194641, guid: ef926d88509ba483c9aa3ceb595a602c,
        type: 3}
      propertyPath: m_LocalEulerAnglesHint.x
      value: 0
      objectReference: {fileID: 0}
    - target: {fileID: 3996343593449194641, guid: ef926d88509ba483c9aa3ceb595a602c,
        type: 3}
      propertyPath: m_LocalEulerAnglesHint.y
      value: 0
      objectReference: {fileID: 0}
    - target: {fileID: 3996343593449194641, guid: ef926d88509ba483c9aa3ceb595a602c,
        type: 3}
      propertyPath: m_LocalEulerAnglesHint.z
      value: 0
      objectReference: {fileID: 0}
    m_RemovedComponents: []
  m_SourcePrefab: {fileID: 100100000, guid: ef926d88509ba483c9aa3ceb595a602c, type: 3}
--- !u!4 &2846563976655790218 stripped
Transform:
  m_CorrespondingSourceObject: {fileID: 3996343593449194641, guid: ef926d88509ba483c9aa3ceb595a602c,
    type: 3}
  m_PrefabInstance: {fileID: 1221842784626893851}
  m_PrefabAsset: {fileID: 0}
--- !u!1 &2846563976655790219 stripped
GameObject:
  m_CorrespondingSourceObject: {fileID: 3996343593449194640, guid: ef926d88509ba483c9aa3ceb595a602c,
    type: 3}
  m_PrefabInstance: {fileID: 1221842784626893851}
  m_PrefabAsset: {fileID: 0}
--- !u!1001 &2965891329273797949
PrefabInstance:
  m_ObjectHideFlags: 0
  serializedVersion: 2
  m_Modification:
    m_TransformParent: {fileID: 8199433812843412519}
    m_Modifications:
    - target: {fileID: 696487723674508949, guid: 46d74b0ff10bed4419b4104392027774,
        type: 3}
      propertyPath: m_LocalPosition.x
      value: -0.024
      objectReference: {fileID: 0}
    - target: {fileID: 696487723674508949, guid: 46d74b0ff10bed4419b4104392027774,
        type: 3}
      propertyPath: m_LocalPosition.y
      value: -0.153
      objectReference: {fileID: 0}
    - target: {fileID: 696487723674508949, guid: 46d74b0ff10bed4419b4104392027774,
        type: 3}
      propertyPath: m_LocalPosition.z
      value: 0.128
      objectReference: {fileID: 0}
    - target: {fileID: 696487723674508949, guid: 46d74b0ff10bed4419b4104392027774,
        type: 3}
      propertyPath: m_LocalRotation.x
      value: 0
      objectReference: {fileID: 0}
    - target: {fileID: 696487723674508949, guid: 46d74b0ff10bed4419b4104392027774,
        type: 3}
      propertyPath: m_LocalRotation.y
      value: 1
      objectReference: {fileID: 0}
    - target: {fileID: 696487723674508949, guid: 46d74b0ff10bed4419b4104392027774,
        type: 3}
      propertyPath: m_LocalRotation.z
      value: 0
      objectReference: {fileID: 0}
    - target: {fileID: 696487723674508949, guid: 46d74b0ff10bed4419b4104392027774,
        type: 3}
      propertyPath: m_LocalRotation.w
      value: 0
      objectReference: {fileID: 0}
    - target: {fileID: 696487723674508949, guid: 46d74b0ff10bed4419b4104392027774,
        type: 3}
      propertyPath: m_RootOrder
      value: 4
      objectReference: {fileID: 0}
    - target: {fileID: 696487723674508949, guid: 46d74b0ff10bed4419b4104392027774,
        type: 3}
      propertyPath: m_LocalEulerAnglesHint.x
      value: 0
      objectReference: {fileID: 0}
    - target: {fileID: 696487723674508949, guid: 46d74b0ff10bed4419b4104392027774,
        type: 3}
      propertyPath: m_LocalEulerAnglesHint.y
      value: 180
      objectReference: {fileID: 0}
    - target: {fileID: 696487723674508949, guid: 46d74b0ff10bed4419b4104392027774,
        type: 3}
      propertyPath: m_LocalEulerAnglesHint.z
      value: 0
      objectReference: {fileID: 0}
    - target: {fileID: 696487723674731189, guid: 46d74b0ff10bed4419b4104392027774,
        type: 3}
      propertyPath: m_Name
      value: Car_8
      objectReference: {fileID: 0}
    - target: {fileID: 696487723674731189, guid: 46d74b0ff10bed4419b4104392027774,
        type: 3}
      propertyPath: m_IsActive
      value: 0
      objectReference: {fileID: 0}
    m_RemovedComponents: []
  m_SourcePrefab: {fileID: 100100000, guid: 46d74b0ff10bed4419b4104392027774, type: 3}
--- !u!4 &2342608024625775528 stripped
Transform:
  m_CorrespondingSourceObject: {fileID: 696487723674508949, guid: 46d74b0ff10bed4419b4104392027774,
    type: 3}
  m_PrefabInstance: {fileID: 2965891329273797949}
  m_PrefabAsset: {fileID: 0}
--- !u!1001 &4160006510431780975
PrefabInstance:
  m_ObjectHideFlags: 0
  serializedVersion: 2
  m_Modification:
    m_TransformParent: {fileID: 3122508495366928721}
    m_Modifications:
    - target: {fileID: 7907208668525824692, guid: 2a6ebcb85bc9144c3a7f9fa5b077161f,
        type: 3}
      propertyPath: m_Name
      value: 5 lvl
      objectReference: {fileID: 0}
    - target: {fileID: 7907208668525824692, guid: 2a6ebcb85bc9144c3a7f9fa5b077161f,
        type: 3}
      propertyPath: m_IsActive
      value: 0
      objectReference: {fileID: 0}
    - target: {fileID: 7907208668525824699, guid: 2a6ebcb85bc9144c3a7f9fa5b077161f,
        type: 3}
      propertyPath: m_LocalPosition.x
      value: -12.7
      objectReference: {fileID: 0}
    - target: {fileID: 7907208668525824699, guid: 2a6ebcb85bc9144c3a7f9fa5b077161f,
        type: 3}
      propertyPath: m_LocalPosition.y
      value: 6.97
      objectReference: {fileID: 0}
    - target: {fileID: 7907208668525824699, guid: 2a6ebcb85bc9144c3a7f9fa5b077161f,
        type: 3}
      propertyPath: m_LocalPosition.z
      value: -0.04
      objectReference: {fileID: 0}
    - target: {fileID: 7907208668525824699, guid: 2a6ebcb85bc9144c3a7f9fa5b077161f,
        type: 3}
      propertyPath: m_LocalRotation.x
      value: -0
      objectReference: {fileID: 0}
    - target: {fileID: 7907208668525824699, guid: 2a6ebcb85bc9144c3a7f9fa5b077161f,
        type: 3}
      propertyPath: m_LocalRotation.y
      value: -0.06246218
      objectReference: {fileID: 0}
    - target: {fileID: 7907208668525824699, guid: 2a6ebcb85bc9144c3a7f9fa5b077161f,
        type: 3}
      propertyPath: m_LocalRotation.z
      value: -0
      objectReference: {fileID: 0}
    - target: {fileID: 7907208668525824699, guid: 2a6ebcb85bc9144c3a7f9fa5b077161f,
        type: 3}
      propertyPath: m_LocalRotation.w
      value: 0.99804735
      objectReference: {fileID: 0}
    - target: {fileID: 7907208668525824699, guid: 2a6ebcb85bc9144c3a7f9fa5b077161f,
        type: 3}
      propertyPath: m_RootOrder
      value: 4
      objectReference: {fileID: 0}
    - target: {fileID: 7907208668525824699, guid: 2a6ebcb85bc9144c3a7f9fa5b077161f,
        type: 3}
      propertyPath: m_LocalEulerAnglesHint.x
      value: 0
      objectReference: {fileID: 0}
    - target: {fileID: 7907208668525824699, guid: 2a6ebcb85bc9144c3a7f9fa5b077161f,
        type: 3}
      propertyPath: m_LocalEulerAnglesHint.y
      value: -7.162
      objectReference: {fileID: 0}
    - target: {fileID: 7907208668525824699, guid: 2a6ebcb85bc9144c3a7f9fa5b077161f,
        type: 3}
      propertyPath: m_LocalEulerAnglesHint.z
      value: 0
      objectReference: {fileID: 0}
    - target: {fileID: 7907208668525824699, guid: 2a6ebcb85bc9144c3a7f9fa5b077161f,
        type: 3}
      propertyPath: m_LocalScale.x
      value: 0.83
      objectReference: {fileID: 0}
    - target: {fileID: 7907208668525824699, guid: 2a6ebcb85bc9144c3a7f9fa5b077161f,
        type: 3}
      propertyPath: m_LocalScale.y
      value: 0.83
      objectReference: {fileID: 0}
    - target: {fileID: 7907208668525824699, guid: 2a6ebcb85bc9144c3a7f9fa5b077161f,
        type: 3}
      propertyPath: m_LocalScale.z
      value: 0.83
      objectReference: {fileID: 0}
    m_RemovedComponents: []
  m_SourcePrefab: {fileID: 100100000, guid: 2a6ebcb85bc9144c3a7f9fa5b077161f, type: 3}
--- !u!4 &6054882452361857748 stripped
Transform:
  m_CorrespondingSourceObject: {fileID: 7907208668525824699, guid: 2a6ebcb85bc9144c3a7f9fa5b077161f,
    type: 3}
  m_PrefabInstance: {fileID: 4160006510431780975}
  m_PrefabAsset: {fileID: 0}
--- !u!1 &6054882452361857755 stripped
GameObject:
  m_CorrespondingSourceObject: {fileID: 7907208668525824692, guid: 2a6ebcb85bc9144c3a7f9fa5b077161f,
    type: 3}
  m_PrefabInstance: {fileID: 4160006510431780975}
  m_PrefabAsset: {fileID: 0}
--- !u!1001 &4601817577357660623
PrefabInstance:
  m_ObjectHideFlags: 0
  serializedVersion: 2
  m_Modification:
    m_TransformParent: {fileID: 8199433812843412519}
    m_Modifications:
    - target: {fileID: 503257377, guid: d6fff7e437bb349478bb7249d07fce6c, type: 3}
      propertyPath: m_FontData.m_Font
      value: 
      objectReference: {fileID: 12800000, guid: 9cbbe4ecbf5b4064abe6b583474631fa,
        type: 3}
    - target: {fileID: 4601817577932873513, guid: d6fff7e437bb349478bb7249d07fce6c,
        type: 3}
      propertyPath: m_Camera
      value: 
      objectReference: {fileID: 8199433812691640831}
    - target: {fileID: 4601817577932873516, guid: d6fff7e437bb349478bb7249d07fce6c,
        type: 3}
      propertyPath: m_LocalPosition.x
      value: 0
      objectReference: {fileID: 0}
    - target: {fileID: 4601817577932873516, guid: d6fff7e437bb349478bb7249d07fce6c,
        type: 3}
      propertyPath: m_LocalPosition.y
      value: 0
      objectReference: {fileID: 0}
    - target: {fileID: 4601817577932873516, guid: d6fff7e437bb349478bb7249d07fce6c,
        type: 3}
      propertyPath: m_LocalPosition.z
      value: 0
      objectReference: {fileID: 0}
    - target: {fileID: 4601817577932873516, guid: d6fff7e437bb349478bb7249d07fce6c,
        type: 3}
      propertyPath: m_LocalRotation.x
      value: 0
      objectReference: {fileID: 0}
    - target: {fileID: 4601817577932873516, guid: d6fff7e437bb349478bb7249d07fce6c,
        type: 3}
      propertyPath: m_LocalRotation.y
      value: 0
      objectReference: {fileID: 0}
    - target: {fileID: 4601817577932873516, guid: d6fff7e437bb349478bb7249d07fce6c,
        type: 3}
      propertyPath: m_LocalRotation.z
      value: 0
      objectReference: {fileID: 0}
    - target: {fileID: 4601817577932873516, guid: d6fff7e437bb349478bb7249d07fce6c,
        type: 3}
      propertyPath: m_LocalRotation.w
      value: 1
      objectReference: {fileID: 0}
    - target: {fileID: 4601817577932873516, guid: d6fff7e437bb349478bb7249d07fce6c,
        type: 3}
      propertyPath: m_RootOrder
      value: 2
      objectReference: {fileID: 0}
    - target: {fileID: 4601817577932873516, guid: d6fff7e437bb349478bb7249d07fce6c,
        type: 3}
      propertyPath: m_LocalEulerAnglesHint.x
      value: 0
      objectReference: {fileID: 0}
    - target: {fileID: 4601817577932873516, guid: d6fff7e437bb349478bb7249d07fce6c,
        type: 3}
      propertyPath: m_LocalEulerAnglesHint.y
      value: 0
      objectReference: {fileID: 0}
    - target: {fileID: 4601817577932873516, guid: d6fff7e437bb349478bb7249d07fce6c,
        type: 3}
      propertyPath: m_LocalEulerAnglesHint.z
      value: 0
      objectReference: {fileID: 0}
    - target: {fileID: 4601817577932873516, guid: d6fff7e437bb349478bb7249d07fce6c,
        type: 3}
      propertyPath: m_AnchoredPosition.x
      value: 0
      objectReference: {fileID: 0}
    - target: {fileID: 4601817577932873516, guid: d6fff7e437bb349478bb7249d07fce6c,
        type: 3}
      propertyPath: m_AnchoredPosition.y
      value: 0
      objectReference: {fileID: 0}
    - target: {fileID: 4601817577932873516, guid: d6fff7e437bb349478bb7249d07fce6c,
        type: 3}
      propertyPath: m_SizeDelta.x
      value: 0
      objectReference: {fileID: 0}
    - target: {fileID: 4601817577932873516, guid: d6fff7e437bb349478bb7249d07fce6c,
        type: 3}
      propertyPath: m_SizeDelta.y
      value: 0
      objectReference: {fileID: 0}
    - target: {fileID: 4601817577932873516, guid: d6fff7e437bb349478bb7249d07fce6c,
        type: 3}
      propertyPath: m_AnchorMin.x
      value: 0
      objectReference: {fileID: 0}
    - target: {fileID: 4601817577932873516, guid: d6fff7e437bb349478bb7249d07fce6c,
        type: 3}
      propertyPath: m_AnchorMin.y
      value: 0
      objectReference: {fileID: 0}
    - target: {fileID: 4601817577932873516, guid: d6fff7e437bb349478bb7249d07fce6c,
        type: 3}
      propertyPath: m_AnchorMax.x
      value: 0
      objectReference: {fileID: 0}
    - target: {fileID: 4601817577932873516, guid: d6fff7e437bb349478bb7249d07fce6c,
        type: 3}
      propertyPath: m_AnchorMax.y
      value: 0
      objectReference: {fileID: 0}
    - target: {fileID: 4601817577932873516, guid: d6fff7e437bb349478bb7249d07fce6c,
        type: 3}
      propertyPath: m_Pivot.x
      value: 0
      objectReference: {fileID: 0}
    - target: {fileID: 4601817577932873516, guid: d6fff7e437bb349478bb7249d07fce6c,
        type: 3}
      propertyPath: m_Pivot.y
      value: 0
      objectReference: {fileID: 0}
    - target: {fileID: 4601817577932873517, guid: d6fff7e437bb349478bb7249d07fce6c,
        type: 3}
      propertyPath: m_Name
      value: Canvas
      objectReference: {fileID: 0}
    - target: {fileID: 4601817577932873517, guid: d6fff7e437bb349478bb7249d07fce6c,
        type: 3}
      propertyPath: m_IsActive
      value: 0
      objectReference: {fileID: 0}
    m_RemovedComponents: []
  m_SourcePrefab: {fileID: 100100000, guid: d6fff7e437bb349478bb7249d07fce6c, type: 3}
--- !u!223 &643501798 stripped
Canvas:
  m_CorrespondingSourceObject: {fileID: 4601817577932873513, guid: d6fff7e437bb349478bb7249d07fce6c,
    type: 3}
  m_PrefabInstance: {fileID: 4601817577357660623}
  m_PrefabAsset: {fileID: 0}
--- !u!114 &4601817577721266097 stripped
MonoBehaviour:
  m_CorrespondingSourceObject: {fileID: 448015998, guid: d6fff7e437bb349478bb7249d07fce6c,
    type: 3}
  m_PrefabInstance: {fileID: 4601817577357660623}
  m_PrefabAsset: {fileID: 0}
  m_GameObject: {fileID: 0}
  m_Enabled: 1
  m_EditorHideFlags: 0
  m_Script: {fileID: 11500000, guid: fe87c0e1cc204ed48ad3b37840f39efc, type: 3}
  m_Name: 
  m_EditorClassIdentifier: 
--- !u!114 &4601817577484633168 stripped
MonoBehaviour:
  m_CorrespondingSourceObject: {fileID: 143889823, guid: d6fff7e437bb349478bb7249d07fce6c,
    type: 3}
  m_PrefabInstance: {fileID: 4601817577357660623}
  m_PrefabAsset: {fileID: 0}
  m_GameObject: {fileID: 0}
  m_Enabled: 1
  m_EditorHideFlags: 0
  m_Script: {fileID: 11500000, guid: 4e29b1a8efbd4b44bb3f3716e73f07ff, type: 3}
  m_Name: 
  m_EditorClassIdentifier: 
--- !u!224 &643501795 stripped
RectTransform:
  m_CorrespondingSourceObject: {fileID: 4601817577932873516, guid: d6fff7e437bb349478bb7249d07fce6c,
    type: 3}
  m_PrefabInstance: {fileID: 4601817577357660623}
  m_PrefabAsset: {fileID: 0}
--- !u!1001 &4637286520077908009
PrefabInstance:
  m_ObjectHideFlags: 0
  serializedVersion: 2
  m_Modification:
    m_TransformParent: {fileID: 3122508495366928721}
    m_Modifications:
    - target: {fileID: 4388483168409316156, guid: 157977854d29a43868ba3f229e2b01e9,
        type: 3}
      propertyPath: m_LocalPosition.x
      value: 1.6164341
      objectReference: {fileID: 0}
    - target: {fileID: 4388483168409316156, guid: 157977854d29a43868ba3f229e2b01e9,
        type: 3}
      propertyPath: m_LocalPosition.y
      value: -5.055689
      objectReference: {fileID: 0}
    - target: {fileID: 4388483168409316156, guid: 157977854d29a43868ba3f229e2b01e9,
        type: 3}
      propertyPath: m_LocalPosition.z
      value: 10.926266
      objectReference: {fileID: 0}
    - target: {fileID: 4388483168409316156, guid: 157977854d29a43868ba3f229e2b01e9,
        type: 3}
      propertyPath: m_LocalRotation.x
      value: -0
      objectReference: {fileID: 0}
    - target: {fileID: 4388483168409316156, guid: 157977854d29a43868ba3f229e2b01e9,
        type: 3}
      propertyPath: m_LocalRotation.y
      value: -0
      objectReference: {fileID: 0}
    - target: {fileID: 4388483168409316156, guid: 157977854d29a43868ba3f229e2b01e9,
        type: 3}
      propertyPath: m_LocalRotation.z
      value: -0
      objectReference: {fileID: 0}
    - target: {fileID: 4388483168409316156, guid: 157977854d29a43868ba3f229e2b01e9,
        type: 3}
      propertyPath: m_LocalRotation.w
      value: 1
      objectReference: {fileID: 0}
    - target: {fileID: 4388483168409316156, guid: 157977854d29a43868ba3f229e2b01e9,
        type: 3}
      propertyPath: m_RootOrder
      value: 3
      objectReference: {fileID: 0}
    - target: {fileID: 4388483168409316156, guid: 157977854d29a43868ba3f229e2b01e9,
        type: 3}
      propertyPath: m_LocalEulerAnglesHint.x
      value: 0
      objectReference: {fileID: 0}
    - target: {fileID: 4388483168409316156, guid: 157977854d29a43868ba3f229e2b01e9,
        type: 3}
      propertyPath: m_LocalEulerAnglesHint.y
      value: 0
      objectReference: {fileID: 0}
    - target: {fileID: 4388483168409316156, guid: 157977854d29a43868ba3f229e2b01e9,
        type: 3}
      propertyPath: m_LocalEulerAnglesHint.z
      value: 0
      objectReference: {fileID: 0}
    - target: {fileID: 4388483168409316159, guid: 157977854d29a43868ba3f229e2b01e9,
        type: 3}
      propertyPath: m_Name
      value: 4 lvl
      objectReference: {fileID: 0}
    - target: {fileID: 4388483168409316159, guid: 157977854d29a43868ba3f229e2b01e9,
        type: 3}
      propertyPath: m_IsActive
      value: 0
      objectReference: {fileID: 0}
    - target: {fileID: 4388483169161502757, guid: 157977854d29a43868ba3f229e2b01e9,
        type: 3}
      propertyPath: m_IsActive
      value: 0
      objectReference: {fileID: 0}
    m_RemovedComponents: []
  m_SourcePrefab: {fileID: 100100000, guid: 157977854d29a43868ba3f229e2b01e9, type: 3}
--- !u!1 &8988610591272866582 stripped
GameObject:
  m_CorrespondingSourceObject: {fileID: 4388483168409316159, guid: 157977854d29a43868ba3f229e2b01e9,
    type: 3}
  m_PrefabInstance: {fileID: 4637286520077908009}
  m_PrefabAsset: {fileID: 0}
--- !u!4 &8988610591272866581 stripped
Transform:
  m_CorrespondingSourceObject: {fileID: 4388483168409316156, guid: 157977854d29a43868ba3f229e2b01e9,
    type: 3}
  m_PrefabInstance: {fileID: 4637286520077908009}
  m_PrefabAsset: {fileID: 0}
--- !u!1001 &4900139047348695127
PrefabInstance:
  m_ObjectHideFlags: 0
  serializedVersion: 2
  m_Modification:
    m_TransformParent: {fileID: 3122508495366928721}
    m_Modifications:
    - target: {fileID: 3037625767704061102, guid: 601acc7887bb5457e90195cecb9d3264,
        type: 3}
      propertyPath: m_Name
      value: 7 lvl
      objectReference: {fileID: 0}
    - target: {fileID: 3037625767704061102, guid: 601acc7887bb5457e90195cecb9d3264,
        type: 3}
      propertyPath: m_IsActive
      value: 0
      objectReference: {fileID: 0}
    - target: {fileID: 3037625767704061103, guid: 601acc7887bb5457e90195cecb9d3264,
        type: 3}
      propertyPath: m_LocalPosition.x
      value: 5.6
      objectReference: {fileID: 0}
    - target: {fileID: 3037625767704061103, guid: 601acc7887bb5457e90195cecb9d3264,
        type: 3}
      propertyPath: m_LocalPosition.y
      value: -10.036471
      objectReference: {fileID: 0}
    - target: {fileID: 3037625767704061103, guid: 601acc7887bb5457e90195cecb9d3264,
        type: 3}
      propertyPath: m_LocalPosition.z
      value: 18.5
      objectReference: {fileID: 0}
    - target: {fileID: 3037625767704061103, guid: 601acc7887bb5457e90195cecb9d3264,
        type: 3}
      propertyPath: m_LocalRotation.x
      value: 0
      objectReference: {fileID: 0}
    - target: {fileID: 3037625767704061103, guid: 601acc7887bb5457e90195cecb9d3264,
        type: 3}
      propertyPath: m_LocalRotation.y
      value: 0
      objectReference: {fileID: 0}
    - target: {fileID: 3037625767704061103, guid: 601acc7887bb5457e90195cecb9d3264,
        type: 3}
      propertyPath: m_LocalRotation.z
      value: 0
      objectReference: {fileID: 0}
    - target: {fileID: 3037625767704061103, guid: 601acc7887bb5457e90195cecb9d3264,
        type: 3}
      propertyPath: m_LocalRotation.w
      value: 1
      objectReference: {fileID: 0}
    - target: {fileID: 3037625767704061103, guid: 601acc7887bb5457e90195cecb9d3264,
        type: 3}
      propertyPath: m_RootOrder
      value: 6
      objectReference: {fileID: 0}
    - target: {fileID: 3037625767704061103, guid: 601acc7887bb5457e90195cecb9d3264,
        type: 3}
      propertyPath: m_LocalEulerAnglesHint.x
      value: 0
      objectReference: {fileID: 0}
    - target: {fileID: 3037625767704061103, guid: 601acc7887bb5457e90195cecb9d3264,
        type: 3}
      propertyPath: m_LocalEulerAnglesHint.y
      value: 0
      objectReference: {fileID: 0}
    - target: {fileID: 3037625767704061103, guid: 601acc7887bb5457e90195cecb9d3264,
        type: 3}
      propertyPath: m_LocalEulerAnglesHint.z
      value: 0
      objectReference: {fileID: 0}
    m_RemovedComponents: []
  m_SourcePrefab: {fileID: 100100000, guid: 601acc7887bb5457e90195cecb9d3264, type: 3}
--- !u!1 &7937341502000174329 stripped
GameObject:
  m_CorrespondingSourceObject: {fileID: 3037625767704061102, guid: 601acc7887bb5457e90195cecb9d3264,
    type: 3}
  m_PrefabInstance: {fileID: 4900139047348695127}
  m_PrefabAsset: {fileID: 0}
--- !u!4 &7937341502000174328 stripped
Transform:
  m_CorrespondingSourceObject: {fileID: 3037625767704061103, guid: 601acc7887bb5457e90195cecb9d3264,
    type: 3}
  m_PrefabInstance: {fileID: 4900139047348695127}
  m_PrefabAsset: {fileID: 0}
--- !u!1001 &7238261650246358615
PrefabInstance:
  m_ObjectHideFlags: 0
  serializedVersion: 2
  m_Modification:
    m_TransformParent: {fileID: 3122508495366928721}
    m_Modifications:
    - target: {fileID: 1910035082200501580, guid: e72183b5320534731b008aef28fd918b,
        type: 3}
      propertyPath: m_LocalPosition.x
      value: 1.62
      objectReference: {fileID: 0}
    - target: {fileID: 1910035082200501580, guid: e72183b5320534731b008aef28fd918b,
        type: 3}
      propertyPath: m_LocalPosition.y
      value: -5.055689
      objectReference: {fileID: 0}
    - target: {fileID: 1910035082200501580, guid: e72183b5320534731b008aef28fd918b,
        type: 3}
      propertyPath: m_LocalPosition.z
      value: 11
      objectReference: {fileID: 0}
    - target: {fileID: 1910035082200501580, guid: e72183b5320534731b008aef28fd918b,
        type: 3}
      propertyPath: m_LocalRotation.x
      value: -0
      objectReference: {fileID: 0}
    - target: {fileID: 1910035082200501580, guid: e72183b5320534731b008aef28fd918b,
        type: 3}
      propertyPath: m_LocalRotation.y
      value: -0
      objectReference: {fileID: 0}
    - target: {fileID: 1910035082200501580, guid: e72183b5320534731b008aef28fd918b,
        type: 3}
      propertyPath: m_LocalRotation.z
      value: -0
      objectReference: {fileID: 0}
    - target: {fileID: 1910035082200501580, guid: e72183b5320534731b008aef28fd918b,
        type: 3}
      propertyPath: m_LocalRotation.w
      value: 1
      objectReference: {fileID: 0}
    - target: {fileID: 1910035082200501580, guid: e72183b5320534731b008aef28fd918b,
        type: 3}
      propertyPath: m_RootOrder
      value: 2
      objectReference: {fileID: 0}
    - target: {fileID: 1910035082200501580, guid: e72183b5320534731b008aef28fd918b,
        type: 3}
      propertyPath: m_LocalEulerAnglesHint.x
      value: 0
      objectReference: {fileID: 0}
    - target: {fileID: 1910035082200501580, guid: e72183b5320534731b008aef28fd918b,
        type: 3}
      propertyPath: m_LocalEulerAnglesHint.y
      value: 0
      objectReference: {fileID: 0}
    - target: {fileID: 1910035082200501580, guid: e72183b5320534731b008aef28fd918b,
        type: 3}
      propertyPath: m_LocalEulerAnglesHint.z
      value: 0
      objectReference: {fileID: 0}
    - target: {fileID: 1910035082200501583, guid: e72183b5320534731b008aef28fd918b,
        type: 3}
      propertyPath: m_Name
      value: 3lvl
      objectReference: {fileID: 0}
    - target: {fileID: 1910035082200501583, guid: e72183b5320534731b008aef28fd918b,
        type: 3}
      propertyPath: m_IsActive
      value: 0
      objectReference: {fileID: 0}
    m_RemovedComponents: []
  m_SourcePrefab: {fileID: 100100000, guid: e72183b5320534731b008aef28fd918b, type: 3}
--- !u!1 &9147574279554734872 stripped
GameObject:
  m_CorrespondingSourceObject: {fileID: 1910035082200501583, guid: e72183b5320534731b008aef28fd918b,
    type: 3}
  m_PrefabInstance: {fileID: 7238261650246358615}
  m_PrefabAsset: {fileID: 0}
--- !u!4 &9147574279554734875 stripped
Transform:
  m_CorrespondingSourceObject: {fileID: 1910035082200501580, guid: e72183b5320534731b008aef28fd918b,
    type: 3}
  m_PrefabInstance: {fileID: 7238261650246358615}
  m_PrefabAsset: {fileID: 0}
--- !u!1001 &8199433812866265150
PrefabInstance:
  m_ObjectHideFlags: 0
  serializedVersion: 2
  m_Modification:
    m_TransformParent: {fileID: 8199433812843412519}
    m_Modifications:
    - target: {fileID: 2290114395242825758, guid: 5b9acc6e9d17b6741a8025394821519a,
        type: 3}
      propertyPath: playOnAwake
      value: 0
      objectReference: {fileID: 0}
    - target: {fileID: 2290114395242825758, guid: 5b9acc6e9d17b6741a8025394821519a,
        type: 3}
      propertyPath: ShapeModule.m_Scale.x
      value: 0.37745205
      objectReference: {fileID: 0}
    - target: {fileID: 2290114395242825758, guid: 5b9acc6e9d17b6741a8025394821519a,
        type: 3}
      propertyPath: ShapeModule.m_Scale.y
      value: 0.2231814
      objectReference: {fileID: 0}
    - target: {fileID: 2290114395242825952, guid: 5b9acc6e9d17b6741a8025394821519a,
        type: 3}
      propertyPath: m_LocalPosition.x
      value: -0.078
      objectReference: {fileID: 0}
    - target: {fileID: 2290114395242825952, guid: 5b9acc6e9d17b6741a8025394821519a,
        type: 3}
      propertyPath: m_LocalPosition.y
      value: 0.188
      objectReference: {fileID: 0}
    - target: {fileID: 2290114395242825952, guid: 5b9acc6e9d17b6741a8025394821519a,
        type: 3}
      propertyPath: m_LocalPosition.z
      value: -0.098
      objectReference: {fileID: 0}
    - target: {fileID: 2290114395242825952, guid: 5b9acc6e9d17b6741a8025394821519a,
        type: 3}
      propertyPath: m_LocalRotation.x
      value: 0.3822803
      objectReference: {fileID: 0}
    - target: {fileID: 2290114395242825952, guid: 5b9acc6e9d17b6741a8025394821519a,
        type: 3}
      propertyPath: m_LocalRotation.y
      value: 0
      objectReference: {fileID: 0}
    - target: {fileID: 2290114395242825952, guid: 5b9acc6e9d17b6741a8025394821519a,
        type: 3}
      propertyPath: m_LocalRotation.z
      value: 0
      objectReference: {fileID: 0}
    - target: {fileID: 2290114395242825952, guid: 5b9acc6e9d17b6741a8025394821519a,
        type: 3}
      propertyPath: m_LocalRotation.w
      value: 0.9240464
      objectReference: {fileID: 0}
    - target: {fileID: 2290114395242825952, guid: 5b9acc6e9d17b6741a8025394821519a,
        type: 3}
      propertyPath: m_RootOrder
      value: 3
      objectReference: {fileID: 0}
    - target: {fileID: 2290114395242825952, guid: 5b9acc6e9d17b6741a8025394821519a,
        type: 3}
      propertyPath: m_LocalEulerAnglesHint.x
      value: 44.95
      objectReference: {fileID: 0}
    - target: {fileID: 2290114395242825952, guid: 5b9acc6e9d17b6741a8025394821519a,
        type: 3}
      propertyPath: m_LocalEulerAnglesHint.y
      value: 0
      objectReference: {fileID: 0}
    - target: {fileID: 2290114395242825952, guid: 5b9acc6e9d17b6741a8025394821519a,
        type: 3}
      propertyPath: m_LocalEulerAnglesHint.z
      value: 0
      objectReference: {fileID: 0}
    - target: {fileID: 2290114395242825953, guid: 5b9acc6e9d17b6741a8025394821519a,
        type: 3}
      propertyPath: m_Name
      value: EffectWin
      objectReference: {fileID: 0}
    m_RemovedComponents: []
  m_SourcePrefab: {fileID: 100100000, guid: 5b9acc6e9d17b6741a8025394821519a, type: 3}
--- !u!198 &7926937277669668896 stripped
ParticleSystem:
  m_CorrespondingSourceObject: {fileID: 2290114395242825758, guid: 5b9acc6e9d17b6741a8025394821519a,
    type: 3}
  m_PrefabInstance: {fileID: 8199433812866265150}
  m_PrefabAsset: {fileID: 0}
--- !u!4 &7926937277669669086 stripped
Transform:
  m_CorrespondingSourceObject: {fileID: 2290114395242825952, guid: 5b9acc6e9d17b6741a8025394821519a,
    type: 3}
  m_PrefabInstance: {fileID: 8199433812866265150}
  m_PrefabAsset: {fileID: 0}
--- !u!1001 &8199433813032690007
PrefabInstance:
  m_ObjectHideFlags: 0
  serializedVersion: 2
  m_Modification:
    m_TransformParent: {fileID: 8199433812691640817}
    m_Modifications:
    - target: {fileID: 100000, guid: 720a1d1240b561846bff0aa601ab9ad0, type: 3}
      propertyPath: m_Name
      value: Balgarka
      objectReference: {fileID: 0}
    - target: {fileID: 400000, guid: 720a1d1240b561846bff0aa601ab9ad0, type: 3}
      propertyPath: m_LocalPosition.x
      value: -0.051
      objectReference: {fileID: 0}
    - target: {fileID: 400000, guid: 720a1d1240b561846bff0aa601ab9ad0, type: 3}
      propertyPath: m_LocalPosition.y
      value: -0.06
      objectReference: {fileID: 0}
    - target: {fileID: 400000, guid: 720a1d1240b561846bff0aa601ab9ad0, type: 3}
      propertyPath: m_LocalPosition.z
      value: 0.564
      objectReference: {fileID: 0}
    - target: {fileID: 400000, guid: 720a1d1240b561846bff0aa601ab9ad0, type: 3}
      propertyPath: m_LocalRotation.x
      value: -0.50251424
      objectReference: {fileID: 0}
    - target: {fileID: 400000, guid: 720a1d1240b561846bff0aa601ab9ad0, type: 3}
      propertyPath: m_LocalRotation.y
      value: -0.24262087
      objectReference: {fileID: 0}
    - target: {fileID: 400000, guid: 720a1d1240b561846bff0aa601ab9ad0, type: 3}
      propertyPath: m_LocalRotation.z
      value: 0.035108943
      objectReference: {fileID: 0}
    - target: {fileID: 400000, guid: 720a1d1240b561846bff0aa601ab9ad0, type: 3}
      propertyPath: m_LocalRotation.w
      value: 0.829085
      objectReference: {fileID: 0}
    - target: {fileID: 400000, guid: 720a1d1240b561846bff0aa601ab9ad0, type: 3}
      propertyPath: m_RootOrder
      value: 1
      objectReference: {fileID: 0}
    - target: {fileID: 400000, guid: 720a1d1240b561846bff0aa601ab9ad0, type: 3}
      propertyPath: m_LocalEulerAnglesHint.x
      value: -53.717003
      objectReference: {fileID: 0}
    - target: {fileID: 400000, guid: 720a1d1240b561846bff0aa601ab9ad0, type: 3}
      propertyPath: m_LocalEulerAnglesHint.y
      value: 0
      objectReference: {fileID: 0}
    - target: {fileID: 400000, guid: 720a1d1240b561846bff0aa601ab9ad0, type: 3}
      propertyPath: m_LocalEulerAnglesHint.z
      value: 0
      objectReference: {fileID: 0}
    - target: {fileID: 400000, guid: 720a1d1240b561846bff0aa601ab9ad0, type: 3}
      propertyPath: m_LocalScale.x
      value: 1.7031982
      objectReference: {fileID: 0}
    - target: {fileID: 400000, guid: 720a1d1240b561846bff0aa601ab9ad0, type: 3}
      propertyPath: m_LocalScale.y
      value: 1.7031982
      objectReference: {fileID: 0}
    - target: {fileID: 400000, guid: 720a1d1240b561846bff0aa601ab9ad0, type: 3}
      propertyPath: m_LocalScale.z
      value: 1.7031977
      objectReference: {fileID: 0}
    - target: {fileID: 2300000, guid: 720a1d1240b561846bff0aa601ab9ad0, type: 3}
      propertyPath: m_CastShadows
      value: 0
      objectReference: {fileID: 0}
    - target: {fileID: 2300000, guid: 720a1d1240b561846bff0aa601ab9ad0, type: 3}
      propertyPath: m_ReceiveShadows
      value: 0
      objectReference: {fileID: 0}
    - target: {fileID: 2300002, guid: 720a1d1240b561846bff0aa601ab9ad0, type: 3}
      propertyPath: m_CastShadows
      value: 0
      objectReference: {fileID: 0}
    - target: {fileID: 2300002, guid: 720a1d1240b561846bff0aa601ab9ad0, type: 3}
      propertyPath: m_ReceiveShadows
      value: 0
      objectReference: {fileID: 0}
    - target: {fileID: 2300002, guid: 720a1d1240b561846bff0aa601ab9ad0, type: 3}
      propertyPath: m_Materials.Array.data[0]
      value: 
      objectReference: {fileID: 2100000, guid: 9c93f1cf382c3084999964798083ab80, type: 2}
    m_RemovedComponents: []
  m_SourcePrefab: {fileID: 100100000, guid: 720a1d1240b561846bff0aa601ab9ad0, type: 3}
--- !u!1 &8199433813032593395 stripped
GameObject:
  m_CorrespondingSourceObject: {fileID: 100004, guid: 720a1d1240b561846bff0aa601ab9ad0,
    type: 3}
  m_PrefabInstance: {fileID: 8199433813032690007}
  m_PrefabAsset: {fileID: 0}
--- !u!4 &8199433813032827863 stripped
Transform:
  m_CorrespondingSourceObject: {fileID: 400000, guid: 720a1d1240b561846bff0aa601ab9ad0,
    type: 3}
  m_PrefabInstance: {fileID: 8199433813032690007}
  m_PrefabAsset: {fileID: 0}
--- !u!1 &8199433813032593399 stripped
GameObject:
  m_CorrespondingSourceObject: {fileID: 100000, guid: 720a1d1240b561846bff0aa601ab9ad0,
    type: 3}
  m_PrefabInstance: {fileID: 8199433813032690007}
  m_PrefabAsset: {fileID: 0}
--- !u!1001 &8199433813295142945
PrefabInstance:
  m_ObjectHideFlags: 0
  serializedVersion: 2
  m_Modification:
    m_TransformParent: {fileID: 8199433813032827863}
    m_Modifications:
    - target: {fileID: 1358292755013366, guid: 177817dfb8f1acc4f984b6817f56df3f, type: 3}
      propertyPath: m_Name
      value: WaterMuzzle
      objectReference: {fileID: 0}
    - target: {fileID: 4459961360678196, guid: 177817dfb8f1acc4f984b6817f56df3f, type: 3}
      propertyPath: m_LocalPosition.x
      value: 0
      objectReference: {fileID: 0}
    - target: {fileID: 4459961360678196, guid: 177817dfb8f1acc4f984b6817f56df3f, type: 3}
      propertyPath: m_LocalPosition.y
      value: 0
      objectReference: {fileID: 0}
    - target: {fileID: 4459961360678196, guid: 177817dfb8f1acc4f984b6817f56df3f, type: 3}
      propertyPath: m_LocalPosition.z
      value: 0
      objectReference: {fileID: 0}
    - target: {fileID: 4459961360678196, guid: 177817dfb8f1acc4f984b6817f56df3f, type: 3}
      propertyPath: m_LocalRotation.x
      value: -0.7071068
      objectReference: {fileID: 0}
    - target: {fileID: 4459961360678196, guid: 177817dfb8f1acc4f984b6817f56df3f, type: 3}
      propertyPath: m_LocalRotation.y
      value: 0
      objectReference: {fileID: 0}
    - target: {fileID: 4459961360678196, guid: 177817dfb8f1acc4f984b6817f56df3f, type: 3}
      propertyPath: m_LocalRotation.z
      value: 0
      objectReference: {fileID: 0}
    - target: {fileID: 4459961360678196, guid: 177817dfb8f1acc4f984b6817f56df3f, type: 3}
      propertyPath: m_LocalRotation.w
      value: 0.7071068
      objectReference: {fileID: 0}
    - target: {fileID: 4459961360678196, guid: 177817dfb8f1acc4f984b6817f56df3f, type: 3}
      propertyPath: m_RootOrder
      value: 2
      objectReference: {fileID: 0}
    - target: {fileID: 4459961360678196, guid: 177817dfb8f1acc4f984b6817f56df3f, type: 3}
      propertyPath: m_LocalEulerAnglesHint.x
      value: -90.00001
      objectReference: {fileID: 0}
    - target: {fileID: 4459961360678196, guid: 177817dfb8f1acc4f984b6817f56df3f, type: 3}
      propertyPath: m_LocalEulerAnglesHint.y
      value: 0
      objectReference: {fileID: 0}
    - target: {fileID: 4459961360678196, guid: 177817dfb8f1acc4f984b6817f56df3f, type: 3}
      propertyPath: m_LocalEulerAnglesHint.z
      value: 0
      objectReference: {fileID: 0}
    - target: {fileID: 198407902116080188, guid: 177817dfb8f1acc4f984b6817f56df3f,
        type: 3}
      propertyPath: looping
      value: 0
      objectReference: {fileID: 0}
    - target: {fileID: 198407902116080188, guid: 177817dfb8f1acc4f984b6817f56df3f,
        type: 3}
      propertyPath: playOnAwake
      value: 0
      objectReference: {fileID: 0}
    - target: {fileID: 198859895106116840, guid: 177817dfb8f1acc4f984b6817f56df3f,
        type: 3}
      propertyPath: looping
      value: 0
      objectReference: {fileID: 0}
    - target: {fileID: 198859895106116840, guid: 177817dfb8f1acc4f984b6817f56df3f,
        type: 3}
      propertyPath: playOnAwake
      value: 0
      objectReference: {fileID: 0}
    - target: {fileID: 198997540260818974, guid: 177817dfb8f1acc4f984b6817f56df3f,
        type: 3}
      propertyPath: looping
      value: 0
      objectReference: {fileID: 0}
    - target: {fileID: 198997540260818974, guid: 177817dfb8f1acc4f984b6817f56df3f,
        type: 3}
      propertyPath: playOnAwake
      value: 0
      objectReference: {fileID: 0}
    m_RemovedComponents: []
  m_SourcePrefab: {fileID: 100100000, guid: 177817dfb8f1acc4f984b6817f56df3f, type: 3}
--- !u!198 &8289093544311040063 stripped
ParticleSystem:
  m_CorrespondingSourceObject: {fileID: 198997540260818974, guid: 177817dfb8f1acc4f984b6817f56df3f,
    type: 3}
  m_PrefabInstance: {fileID: 8199433813295142945}
  m_PrefabAsset: {fileID: 0}
--- !u!198 &8288949438703437001 stripped
ParticleSystem:
  m_CorrespondingSourceObject: {fileID: 198859895106116840, guid: 177817dfb8f1acc4f984b6817f56df3f,
    type: 3}
  m_PrefabInstance: {fileID: 8199433813295142945}
  m_PrefabAsset: {fileID: 0}
--- !u!198 &8289683752742482461 stripped
ParticleSystem:
  m_CorrespondingSourceObject: {fileID: 198407902116080188, guid: 177817dfb8f1acc4f984b6817f56df3f,
    type: 3}
  m_PrefabInstance: {fileID: 8199433813295142945}
  m_PrefabAsset: {fileID: 0}
--- !u!1001 &8811381193039109586
PrefabInstance:
  m_ObjectHideFlags: 0
  serializedVersion: 2
  m_Modification:
    m_TransformParent: {fileID: 3122508495366928721}
    m_Modifications:
    - target: {fileID: 3327947837859381865, guid: 0f2da9c230c7640c6b71c491d54fc3c8,
        type: 3}
      propertyPath: m_Name
      value: 6 lvl
      objectReference: {fileID: 0}
    - target: {fileID: 3327947837859381865, guid: 0f2da9c230c7640c6b71c491d54fc3c8,
        type: 3}
      propertyPath: m_IsActive
      value: 0
      objectReference: {fileID: 0}
    - target: {fileID: 3327947837859381866, guid: 0f2da9c230c7640c6b71c491d54fc3c8,
        type: 3}
      propertyPath: m_LocalPosition.x
      value: 0.21
      objectReference: {fileID: 0}
    - target: {fileID: 3327947837859381866, guid: 0f2da9c230c7640c6b71c491d54fc3c8,
        type: 3}
      propertyPath: m_LocalPosition.y
      value: -2.3407953
      objectReference: {fileID: 0}
    - target: {fileID: 3327947837859381866, guid: 0f2da9c230c7640c6b71c491d54fc3c8,
        type: 3}
      propertyPath: m_LocalPosition.z
      value: -6.31
      objectReference: {fileID: 0}
    - target: {fileID: 3327947837859381866, guid: 0f2da9c230c7640c6b71c491d54fc3c8,
        type: 3}
      propertyPath: m_LocalRotation.x
      value: -0
      objectReference: {fileID: 0}
    - target: {fileID: 3327947837859381866, guid: 0f2da9c230c7640c6b71c491d54fc3c8,
        type: 3}
      propertyPath: m_LocalRotation.y
      value: -0.010897501
      objectReference: {fileID: 0}
    - target: {fileID: 3327947837859381866, guid: 0f2da9c230c7640c6b71c491d54fc3c8,
        type: 3}
      propertyPath: m_LocalRotation.z
      value: -0
      objectReference: {fileID: 0}
    - target: {fileID: 3327947837859381866, guid: 0f2da9c230c7640c6b71c491d54fc3c8,
        type: 3}
      propertyPath: m_LocalRotation.w
      value: 0.99994063
      objectReference: {fileID: 0}
    - target: {fileID: 3327947837859381866, guid: 0f2da9c230c7640c6b71c491d54fc3c8,
        type: 3}
      propertyPath: m_RootOrder
      value: 5
      objectReference: {fileID: 0}
    - target: {fileID: 3327947837859381866, guid: 0f2da9c230c7640c6b71c491d54fc3c8,
        type: 3}
      propertyPath: m_LocalEulerAnglesHint.x
      value: 0
      objectReference: {fileID: 0}
    - target: {fileID: 3327947837859381866, guid: 0f2da9c230c7640c6b71c491d54fc3c8,
        type: 3}
      propertyPath: m_LocalEulerAnglesHint.y
      value: -1.2490001
      objectReference: {fileID: 0}
    - target: {fileID: 3327947837859381866, guid: 0f2da9c230c7640c6b71c491d54fc3c8,
        type: 3}
      propertyPath: m_LocalEulerAnglesHint.z
      value: 0
      objectReference: {fileID: 0}
    m_RemovedComponents: []
  m_SourcePrefab: {fileID: 100100000, guid: 0f2da9c230c7640c6b71c491d54fc3c8, type: 3}
--- !u!1 &6081951247039209403 stripped
GameObject:
  m_CorrespondingSourceObject: {fileID: 3327947837859381865, guid: 0f2da9c230c7640c6b71c491d54fc3c8,
    type: 3}
  m_PrefabInstance: {fileID: 8811381193039109586}
  m_PrefabAsset: {fileID: 0}
--- !u!4 &6081951247039209400 stripped
Transform:
  m_CorrespondingSourceObject: {fileID: 3327947837859381866, guid: 0f2da9c230c7640c6b71c491d54fc3c8,
    type: 3}
  m_PrefabInstance: {fileID: 8811381193039109586}
  m_PrefabAsset: {fileID: 0}
